 Dungeon Crawl Stone Soup version 0.24.0-28-g17ded55e90 (webtiles) character file.

Game seed: 3359159390901040838, levelgen mode: deterministic

98 Iamsoldier the Cudgeler (level 4, 0/39 HPs)
             Began as a Minotaur Berserker on Nov 13, 2019.
             Was a Believer of Trog.
             Slain by Sigmund
             ... wielding a +0 scythe of protection
              (10 damage)
             ... on level 2 of the Dungeon.
             The game lasted 00:03:00 (1955 turns).

Iamsoldier the Cudgeler (Minotaur Berserker)        Turns: 1955, Time: 00:03:00

Health: 0/39       AC:  2    Str: 23    XL:     4   Next: 44%
Magic:  3/3        EV: 27    Int:  4    God:    Trog [**....]
Gold:   62         SH:  0    Dex:  9    Spells: 3/3 levels left

rFire    . . .     SeeInvis .   a - +0 mace
rCold    . . .     Gourm    .   (no shield)
rNeg     . . .     Faith    .   b - +0 animal skin
rPois    .         Spirit   .   (helmet restricted)
rElec    .         Reflect  .   (no cloak)
rCorr    .         Harm     .   (no gloves)
MR       .....                  (no boots)
Stlth    +.........             k - amulet of the acrobat
HPRegen  0.13/turn              h - ring of flight
MPRegen  0.08/turn              (no ring)

@: confused, berserk cooldown, acrobat, slowed, very slow
A: retaliatory headbutt, horns 2
a: Berserk, Trog's Hand, Renounce Religion, Evoke Flight


You were on level 2 of the Dungeon.
You worshipped Trog.
Trog was pleased with you.
You were very hungry.

You visited 1 branch of the dungeon, and saw 2 of its levels.

You collected 62 gold pieces.

Inventory:

Hand Weapons
 a - a +0 mace (weapon)
Armour
 b - a +0 animal skin (worn)
Jewellery
 h - a ring of flight (left hand)
 k - an amulet of the acrobat (around neck)
 l - an uncursed ring of fire
Scrolls
 d - a scroll of remove curse {unknown}
 e - 5 scrolls of identify {unknown}
 g - 3 scrolls of amnesia {unknown}
 i - a scroll of fear {unknown}
Potions
 j - a potion of resistance {unknown}
 m - a potion of curing {unknown}
Comestibles
 c - 6 rations
 f - 2 chunks of flesh


   Skills:
 - Level 3.6 Fighting
 + Level 6.4 Maces & Flails
 - Level 2.4 Armour
 - Level 2.1 Dodging


You had 3 spell levels left.
You didn't know any spells.
Your spell library was empty.

Dungeon Overview and Level Annotations

Branches:
Dungeon (2/15)

Altars:

Annotations:
D:2 Sigmund


Innate Abilities, Weirdness & Mutations

You reflexively headbutt those who attack you in melee.
You have a pair of horns on your head.


Message History

You miss something. Something hits you!
You miss something. You sock something! Your headbutt misses something.
You hit something. Something hits you!
You hit something.
You are no longer berserk.
You are exhausted.
You feel yourself slow down.
You miss something. Your headbutt misses something.
You hear some strange, mumbled words.
You are confused.
You hear some strange, mumbled words.
A puff of flame appears from out of thin air!
The puff of flame hits you!
* * * LOW HITPOINT WARNING * * *
You bump into the rock wall.
Something hits you.
* * * LOW HITPOINT WARNING * * *
You miss something. Something hits you but does no damage. Something hits you!
You die...

#.##.#.# #.# #.##.#.# #.# ...
#....#.# #.# ... ######.# #.#
...## #######(### #.##### ...#
.......(..# #...÷..
#+#.################...##########
..#.......(....{.#.).......#
##....##########@#.........##
.'......########.#).........###
##............##.#............#
#>......÷....##.#.........#..#
######.....>.'..#....######.8#
#.........######### #÷.#
#..............).#######8.#
#.....##+#.#####.......8⌠.#
###.#....#.# #..8.......#


There were no monsters in sight!

Vanquished Creatures
  Terence (D:2)
  4 adders (D:2)
  A worm (D:2)
  3 giant cockroaches
  7 hobgoblins
  2 jackals (D:1)
  A quokka (D:2)
  A ball python (D:1)
  3 bats (D:2)
  A frilled lizard (D:1)
  7 goblins
  A kobold (D:2)
  2 rats
34 creatures vanquished.

Notes
Turn   | Place    | Note
-------+----------+-------------------------------------------
     0 | D:1      | Iamsoldier the Minotaur Berserker began the quest for the
                  | Orb.
     0 | D:1      | Reached XP level 1. HP: 19/19 MP: 0/0
   156 | D:1      | Reached skill level 4 in Maces & Flails
   274 | D:1      | Reached XP level 2. HP: 26/26 MP: 1/1
   750 | D:2      | Noticed Terence
   768 | D:2      | Killed Terence
   768 | D:2      | Reached skill level 5 in Maces & Flails
   768 | D:2      | Reached XP level 3. HP: 31/31 MP: 2/2
  1171 | D:2      | Reached ** piety under Trog
  1382 | D:2      | Reached skill level 6 in Maces & Flails
  1382 | D:2      | Reached XP level 4. HP: 31/39 MP: 3/3
  1939 | D:2      | Noticed Sigmund
  1955 | D:2      | Slain by Sigmund

Levels and vault maps discovered:
D:1:      tarquinn_simple_flora_water_d, layout_basic
D:2:      layout_basic, chequers_decorated_corner, uniq_terence, uniq_sigmund

Skill      XL: |  1  2  3 |
---------------+----------+-----
Maces & Flails | 4 5 6 |  6.4
Fighting       | |  3.6
Armour         | |  2.4
Dodging        | |  2.1

Action                   |  1- 3 |  4- 6 || total
-------------------------+-------+-------++-------
Melee: Mace              |    57 |    15 ||    72
       Headbutt          |    10 |     2 ||    12
Invok: Berserk           |       |     1 ||     1
  Eat: Chunk             |     1 |     2 ||     3
Armor: Animal skin       |     8 |       ||     8
       Skin              |     6 |       ||     6
Dodge: Dodged            |    36 |    10 ||    46
